 Dungeon Crawl Stone Soup version 0.29.1-15-g9cfb28693d (webtiles) character file.

Game seed: 2539272576326474935

25 leafyfresh the Sneak (level 3, -1/26 HPs)
             Began as an Octopode Delver on Mar 5, 2023.
             Slain by an adder (2 damage)
             ... on level 5 of the Dungeon.
             The game lasted 00:00:20 (55 turns).

leafyfresh the Sneak (Octopode Delver)                Turns: 55, Time: 00:00:20

Health: -1/26      AC:  1    Str: 11    XL:     3   Next: 4%
Magic:  3/3        EV: 13    Int: 14    God:
Gold:   13         SH:  0    Dex: 13    Spells: 2/2 levels left

rFire   . . .      SeeInvis .   a - +0 short sword
rCold   . . .      Faith    .   (no shield)
rNeg    . . .      Spirit   .   (helmet restricted)
rPois   .          Reflect  .   (no amulet)
rElec   .          Harm     .   (no ring)
rCorr   .          Rampage  .   (no ring)
Will    .....                   (no ring)
Stlth   ++++......              (no ring)
HPRegen 0.08/turn               (no ring)
MPRegen 0.08/turn               (no ring)
                                (no ring)
                                (no ring)

@: lethally poisoned (-1 -> -8)
A: almost no armour, amphibious, 8 rings, camouflage 1, gelatinous body 1,
(nimble swimmer 1), tentacles
a: no special abilities


You were on level 5 of the Dungeon.
You visited 1 branch of the dungeon, and saw 1 of its levels.

You collected 13 gold pieces.

Inventory:

Hand Weapons
 a - a +0 short sword (weapon)
Jewellery
 g - a ring of positive energy
Wands
 f - a wand of digging (3)
Scrolls
 b - a scroll of fog
 c - a scroll of magic mapping
 d - a scroll of fear
Potions
 e - a potion of haste


   Skills:
 + Level 3.3 Fighting
 - Level 2.4 Short Blades
 + Level 2.4 Dodging
 + Level 6.9 Stealth


You had 2 spell levels left.
You didn't know any spells.
Your spell library was empty.

Dungeon Overview and Level Annotations

Branches:
Dungeon (5/15)
 Temple: D:4-7

Altars:
Uskayaw


Innate Abilities, Weirdness & Mutations

You cannot wear most types of armour.
You are amphibious.
You can wear up to eight rings at the same time.
Your skin changes colour to match your surroundings (Stealth+).
Your rubbery body absorbs attacks. (AC +1, EV +1)
((You are camouflaged when in or above water. (Stealth+)))
You have tentacles for arms and can constrict up to eight enemies at once.


Message History

You closely miss the adder. Your grab misses the adder.
You feel sick.
You are no longer poisoned.
The adder closely misses you.
You miss the adder. Your grab misses the adder. The adder barely misses you.
You barely miss the adder. Your grab misses the adder.
Your tentacle-slap misses the adder.
The adder closely misses you.
You closely miss the adder. Your grab misses the adder.
You squeeze the adder, but do no damage.
The adder closely misses you. x2
The adder attacks as you move away! The adder bites you.
You are poisoned.
The adder poisons you!
You feel sick. The adder closely misses you.
You feel sick. The adder attacks as you move away! The adder barely misses you.
You feel sick.
You feel sick. The adder bites you.
You are lethally poisoned!
The adder poisons you! The adder attacks as you move away!
The adder misses you.
* * * LOW HITPOINT WARNING * * *
You feel sick.
There is a stone staircase leading up here.
Unknown command.
You hit the adder. Your grab misses the adder.
The adder is heavily wounded.
* * * LOW HITPOINT WARNING * * *
You feel sick. The adder closely misses you.
You hit the adder. You grab the adder.
The adder is severely wounded.
You constrict the adder.
* * * LOW HITPOINT WARNING * * *
You feel sick. The adder bites you.
* * * LOW HITPOINT WARNING * * *
You are more poisoned.
The adder poisons you!
You completely miss the adder.
The adder is severely wounded.
You constrict the adder.
* * * LOW HITPOINT WARNING * * *
You feel sick. The adder closely misses you. The adder bites you.
You die...

### .. ..# _. #$ ##.##
...#.# ...#
##.#.##########..#
.###.... ........#
.(##... ...#n@#
(#(#..#######.#S.######
#((#....#...n..n......#
.#(#..#..........####.#
((##..###.###....####.#
###...# #..........)..#
..S...# #.###....####.#
....#.# #.###....####.##
.##....
........>......#########


You could see 2 necrophages and an adder.

Vanquished Creatures
  An iguana (D:5)
1 creature vanquished.

Notes
Turn   | Place    | Note
-------+----------+-------------------------------------------
     0 | D:5      | leafyfresh the Octopode Delver began the quest for the Orb.
     0 | D:5      | Reached XP level 1. HP: 16/16 MP: 1/1
     1 | D:5      | Noticed an iguana
     8 | D:5      | Killed an iguana
     9 | D:5      | Reached XP level 2. HP: 21/21 MP: 2/2
     9 | D:5      | Reached XP level 3. HP: 26/26 MP: 3/3
    30 | D:5      | Noticed a +0 short sword
    32 | D:5      | Noticed a +0 falchion
    32 | D:5      | Noticed a +0 spear
    33 | D:5      | Noticed a +0 falchion
    33 | D:5      | Noticed a +0 dagger
    33 | D:5      | Noticed a +0 short sword
    33 | D:5      | Noticed a +0 dagger
    34 | D:5      | Noticed a necrophage
    35 | D:5      | Found a hide-covered altar of Uskayaw.
    35 | D:5      | Noticed a +0 spear
    35 | D:5      | Noticed a necrophage
    55 | D:5      | HP: 1/26 [poisoned by an adder]
    55 | D:5      | Slain by an adder

Illustrated notes

Levels and vault maps discovered:
D:5:      layout_loops_ring, nicolae_uskayaw_en_pointe, kennysheep_crisscross,
          nicolae_shop_self_help

Action                   || total
-------------------------++-------
Melee: Short sword       ||     8
       Constrict         ||     2
       Tentacles         ||     2
 Stab: Sleeping          ||     1
Dodge: Dodged            ||    14
